Map: Lost and Found LE

Players

RiSky

  • Race: Zerg Zerg
  • League: Master
  • Spawn Location: 7:00

llIlIllIllII (Stephano) - Winner!

  • Race: Zerg Zerg
  • League: Grandmaster
  • Spawn Location: 1:00

Event: HomeStory Cup XVII

VOD

Have the link to the VOD?

Description

Time

  • Played on: June 28, 2018, 6:45 a.m.
  • Length: 16:45

All games in this series

Show
View Real Time Build Order
Export as new Build Order

RiSky Zerg 

Build Orders: Hatch First, Lurkers 

Get SALT Encoding   

  12  0:00  Drone  
  13  0:12  Overlord  
  13  0:17  Drone  
  14  0:30  Drone  
  14  0:31  Drone  
  16  0:48  Hatchery  
  15  0:51  Drone  
  15  0:54  Drone  
  17  0:57  Drone  
  18  1:08  Extractor  
  17  1:12  Spawning Pool  
  17  1:16  Drone  
  17  1:19  Drone  
  18  1:28  Drone  
  19  1:39  Overlord  
  19  1:49  Drone  
  20  1:59  Queen  
  20  2:00  Drone x2, Queen  
  26  2:10  Drone  
  26  2:11  Drone  
  28  2:21  Zergling x2  
  28  2:22  Drone  
  30  2:33  Overlord x2  
  30  2:34  Queen  
  32  2:47  Evolution Chamber  
  32  2:50  Drone  
  32  2:53  Drone  
  32  2:54  Drone  
  32  2:56  Drone  
  35  3:04  Drone  
  35  3:05  Drone  
  37  3:09  Drone  
  37  3:10  Drone x5  
  43  3:13  Zerg Ground Armor Level 1  
  43  3:17  Roach Warren  
  43  3:19  Drone  
  43  3:21  Drone  
  44  3:27  Lair  
  44  3:30  Extractor  
  44  3:31  Drone  
  44  3:32  Extractor  
  44  3:34  Drone  
  44  3:42  Drone x2  
  44  3:43  Drone x2, Evolution Chamber  
  44  3:48  Drone x3  
  50  3:49  Extractor, Zergling x2  
  50  3:55  Evolution Chamber  
  49  3:57  Evolution Chamber  
  49  4:01  Drone  
  49  4:04  Drone  
  49  4:08  Metabolic Boost  
  48  4:11  Drone x3  
  48  4:14  Overlord, Evolution Chamber  
  52  4:24  Overlord  
  52  4:30  Hydralisk Den  
  51  4:31  Glial Reconstitution  
  51  4:34  Overlord, Drone x2  
  53  4:41  Overlord, Drone  
  53  4:44  Zergling x4  
  53  4:45  Zergling x4  
  58  4:47  Zergling x2  
  58  4:52  Hatchery  
  58  4:53  Zergling x2  
  58  4:56  Zergling x2  
  60  5:02  Lurker Den  
  60  5:05  Zergling x2  
  60  5:08  Zerg Missile Weapons Level 1, Zergling x8  
  64  5:17  Zergling x6  
  67  5:23  Zergling x2  
  67  5:24  Zergling x2  
  69  5:29  Overlord  
  69  5:34  Hatchery  
  68  5:35  Hydralisk x2  
  68  5:36  Overlord  
  68  5:37  Hydralisk x2  
  76  5:48  Hydralisk x2  
  76  5:49  Zergling x6  
  82  5:55  Zergling x2  
  81  5:58  Overlord  
  81  6:06  Zergling x8  
  85  6:14  Zergling x2  
  84  6:20  Hydralisk x2  
  84  6:23  Zergling x4  
  84  6:24  Zergling x2  
  91  6:29  Lurker x2  
  91  6:30  Lurker x4  
  91  6:31  Overlord  
  97  6:33  Queen  
  97  6:35  Zergling x8  
  97  6:39  Overlord  
  103  6:41  Zergling x2  
  103  6:43  Overlord  
  104  6:50  Zergling x4  
  99  6:54  Zergling x6  
  99  6:58  Roach x3  
  108  7:04  Roach x3  
  108  7:06  Roach  
  116  7:12  Roach x2  
  116  7:14  Lurker x2  
  121  7:20  Roach  
  121  7:27  Overlord  
  121  7:35  Roach  
  121  7:36  Overlord  
  120  7:39  Overlord  
  120  7:43  Roach x2  
  120  7:47  Roach x5  
  120  7:49  Roach x3  
  125  7:56  Roach x2  
  120  7:59  Roach x3  
  120  8:02  Roach  
  118  8:09  Roach x3  
  124  8:16  Zerg Missile Weapons Level 2  
  124  8:18  Roach  
  125  8:20  Roach x2  
  128  8:28  Roach  
  128  8:33  Roach x2  
  132  8:36  Roach x3  
  132  8:39  Roach x2  
  140  8:43  Roach x2  
  140  8:46  Roach  
  146  8:51  Roach  
  144  8:57  Roach  
  144  9:02  Roach  
  146  9:03  Overlord  
  130  9:10  Roach x3  
  130  9:11  Ravager  
  130  9:15  Roach  
  133  9:23  Roach x3  
  134  9:27  Roach x3  
  140  9:31  Hydralisk x2  
  140  9:34  Extractor  
  140  9:35  Extractor  
  142  9:52  Hydralisk x2  
  146  9:55  Overlord x2  
  146  10:06  Overlord  
  146  10:10  Hydralisk x2  
  146  10:11  Overlord  
  144  10:15  Hydralisk x2  
  144  10:17  Hydralisk x2  
  144  10:18  Overlord x2  
  152  10:21  Overlord  
  152  10:29  Lurker  
  152  10:30  Lurker  
  152  10:32  Roach x2  
  160  10:35  Roach x2  
  160  10:40  Lurker x2  
  160  10:42  Roach  
  162  10:47  Roach x2  
  164  10:50  Lurker  
  164  10:51  Lurker  
  164  10:53  Lurker  
  167  10:59  Pneumatized Carapace  
  167  11:00  Unknown  
  167  11:01  Roach  
  169  11:11  Overlord  
  169  11:13  Overlord  
  169  11:18  Overlord  
  169  11:25  Overlord x2  
  169  11:36  Drone x2  
  169  11:38  Drone x2  
  173  11:53  Roach x4  
  179  11:58  Hydralisk x3  
  185  12:02  Overlord  
  185  12:05  Overlord  
  177  12:15  Hydralisk  
  177  12:16  Hydralisk  
  177  12:20  Hydralisk, Lurker  
  177  12:21  Hydralisk  
  164  12:24  Hydralisk  
  164  12:29  Roach  
  156  12:35  Hydralisk x2  
  160  12:39  Lurker x2  
  160  12:42  Lurker  
  163  12:44  Ravager  
  163  12:45  Ravager x2  
  163  12:46  Ravager  
  163  12:47  Ravager  
  163  12:48  Ravager  
  169  12:56  Lurker x4  
  173  13:01  Roach  
  173  13:02  Roach  
  177  13:11  Overseer x2  
  175  13:14  Roach  
  175  13:15  Roach x2  
  175  13:18  Roach  
  183  13:23  Roach x2  
  187  13:31  Roach x3  
  193  13:35  Ravager  
  193  13:37  Overlord  
  194  13:56  Overlord  
  194  14:01  Roach x2  
  194  14:02  Roach  
  195  14:04  Hatchery  
  195  14:07  Infestation Pit  
  185  14:21  Roach x4  
  185  14:22  Roach  
  177  14:25  Roach  
  173  14:32  Roach x2  
  173  14:38  Roach x2  
  181  14:45  Roach x2  
  181  14:49  Roach x2  
  181  14:52  Roach  
  187  14:58  Roach x2  
  189  15:03  Roach  
  189  15:04  Roach  
  185  15:09  Roach  
  185  15:10  Roach  
  187  15:18  Roach  
  187  15:19  Roach  
  191  15:22  Roach  
  191  15:24  Roach  
  195  15:30  Ravager x4  
  195  15:31  Ravager  
  200  15:39  Roach x2  
  200  15:47  Roach x3  
  193  15:54  Roach x3  
  165  16:12  Roach x4  
  166  16:23  Roach x3  
Show
View Real Time Build Order
Export as new Build Order

llIlIllIllII Zerg - Winner!

Build Orders: Hatch First 

Get SALT Encoding   

  12  0:01  Drone  
  13  0:13  Overlord  
  13  0:16  Drone  
  14  0:32  Drone x2  
  16  0:48  Hatchery  
  15  0:51  Drone  
  15  0:54  Drone  
  17  0:57  Drone  
  18  1:09  Extractor  
  17  1:13  Spawning Pool  
  17  1:16  Drone  
  17  1:19  Drone  
  18  1:28  Drone  
  19  1:39  Drone  
  20  1:50  Drone  
  21  1:59  Queen x2  
  25  2:01  Zergling x2  
  25  2:02  Overlord  
  26  2:11  Drone  
  26  2:12  Drone  
  26  2:13  Metabolic Boost  
  28  2:21  Drone  
  28  2:22  Drone  
  30  2:33  Hatchery  
  30  2:35  Drone  
  30  2:40  Queen  
  32  2:48  Baneling Nest  
  32  2:49  Drone  
  32  2:54  Overlord  
  31  3:01  Drone x2  
  31  3:02  Evolution Chamber  
  31  3:04  Drone  
  34  3:09  Zergling x4  
  34  3:11  Overlord  
  36  3:14  Zergling x4  
  36  3:15  Zergling x2  
  36  3:18  Zergling x2  
  40  3:20  Zergling x2  
  40  3:23  Drone  
  42  3:28  Zerg Missile Weapons Level 1  
  42  3:29  Drone  
  43  3:35  Drone x2  
  43  3:39  Drone x2  
  43  3:41  Overlord  
  47  3:46  Extractor  
  46  3:49  Drone x3  
  46  3:54  Drone x3  
  48  4:04  Lair  
  48  4:07  Drone x3  
  49  4:11  Drone x3  
  49  4:16  Extractor, Roach Warren  
  51  4:17  Drone  
  51  4:25  Drone  
  51  4:26  Drone  
  51  4:30  Zergling x12  
  58  4:34  Overlord  
  58  4:38  Overlord  
  58  4:45  Overlord x3  
  58  4:55  Overlord  
  58  4:57  Roach x4  
  66  5:01  Glial Reconstitution  
  66  5:03  Roach x2  
  66  5:07  Roach x2  
  74  5:18  Roach x5  
  82  5:25  Roach  
  82  5:26  Roach x2  
  86  5:29  Spine Crawler  
  86  5:30  Roach  
  86  5:31  Roach  
  86  5:33  Roach  
  91  5:38  Roach x2  
  95  5:45  Roach  
  95  5:46  Roach  
  99  5:51  Ravager  
  99  5:54  Roach  
  101  5:57  Overlord  
  101  5:58  Overlord  
  101  6:01  Overlord  
  101  6:02  Overlord  
  101  6:14  Zerg Missile Weapons Level 2  
  101  6:17  Drone x6  
  107  6:20  Extractor, Overseer  
  106  6:26  Drone x5  
  106  6:31  Roach x4  
  119  6:37  Drone x2  
  119  6:38  Drone  
  119  6:39  Drone x2  
  124  6:42  Extractor  
  124  6:43  Extractor  
  124  6:46  Roach  
  124  6:47  Roach x2  
  128  6:53  Roach x4  
  135  7:02  Overseer  
  135  7:03  Overseer  
  135  7:08  Roach x2  
  139  7:11  Overseer  
  139  7:24  Roach x3  
  139  7:25  Overlord  
  139  7:28  Hatchery  
  144  7:37  Roach  
  144  7:38  Overlord  
  144  7:49  Roach x4  
  136  7:52  Roach x6  
  138  8:01  Roach  
  97  8:06  Roach x2  
  97  8:07  Ravager  
  102  8:17  Ravager  
  102  8:19  Zergling x4  
  105  8:23  Ravager  
  105  8:24  Ravager  
  105  8:25  Spine Crawler x3  
  105  8:27  Spine Crawler  
  101  8:35  Roach x4  
  101  8:41  Ravager x2  
  109  8:46  Roach x2  
  109  8:48  Roach  
  113  8:52  Roach x2  
  118  8:55  Roach  
  118  8:59  Roach x2  
  120  9:08  Roach x2  
  115  9:10  Roach  
  115  9:14  Extractor x2  
  113  9:17  Roach x4  
  113  9:21  Roach x2  
  123  9:26  Queen, Roach x2  
  123  9:28  Roach  
  129  9:36  Roach x4  
  137  9:40  Roach  
  137  9:41  Roach  
  141  9:46  Roach x2  
  141  9:48  Hatchery  
  141  9:51  Roach x3  
  148  10:00  Roach x4  
  156  10:09  Roach x3  
  162  10:17  Overlord x2  
  162  10:18  Overlord  
  162  10:22  Overlord  
  162  10:33  Overlord x2  
  162  10:34  Overlord  
  162  10:38  Zerg Ground Armor Level 1, Tunneling Claws  
  162  10:53  Drone  
  162  10:54  Drone  
  162  10:56  Ravager  
  165  10:57  Ravager x2  
  165  11:00  Hatchery  
  165  11:04  Ravager x4  
  169  11:05  Ravager  
  169  11:06  Drone x3  
  174  11:17  Drone x4  
  174  11:18  Drone x2  
  178  11:22  Pneumatized Carapace  
  178  11:27  Roach  
  178  11:28  Roach  
  182  11:34  Burrow  
  182  11:35  Infestation Pit  
  181  11:41  Roach x2  
  177  12:01  Drone x9  
  159  12:17  Drone x2  
  150  12:25  Drone  
  150  12:26  Drone  
  149  12:46  Drone x4  
  149  12:47  Drone  
  149  12:48  Drone x3  
  149  12:49  Roach x21  
  157  12:54  Ravager x2  
  157  12:55  Ravager  
  157  12:56  Ravager  
  161  13:14  Zerg Ground Armor Level 2, Hive, Queen  
  161  13:18  Drone x3  
  166  13:20  Roach x21  
  166  13:31  Queen  
  166  13:32  Drone x4  
  172  13:41  Drone x2  
  172  13:43  Drone x2  
  172  13:44  Drone x5, Roach x3  
  172  13:45  Roach x4  
  181  13:51  Roach x13  
  181  13:59  Roach x13  
  181  14:02  Roach  
  181  14:03  Roach x3  
  179  14:23  Roach x13  
  179  14:24  Roach x7  
  162  14:36  Queen  
  164  14:41  Roach x5  
  170  14:46  Ravager x4  
  170  14:47  Ravager x2  
  170  14:51  Roach x5  
  186  14:53  Overseer x2  
  186  14:58  Overseer  
  186  15:03  Roach x5  
  196  15:12  Roach  
  196  15:13  Roach  
  194  15:34  Roach x3  
  199  15:39  Roach  
  199  15:40  Roach  
  199  15:41  Roach  
  199  15:42  Roach x2  
  197  15:45  Roach x2  
  197  15:46  Roach x2  
  197  15:49  Roach x9  
  200  15:55  Roach  
  200  15:56  Roach x3  
  200  15:57  Roach x7  
  199  16:10  Roach x2  
  196  16:11  Roach x3  
  196  16:16  Roach x2  
  196  16:17  Roach x2  
  196  16:18  Roach x6  
  200  16:19  Roach x4  
  200  16:20  Roach  
  182  16:32  Overseer  
Tags
 
Add a new tag
Caveats
  • Supply blocks, unpowered buildings, or Contaminate may cause inaccurate times.
  • Supply counts are checked every 10 seconds.